 Dungeon Crawl Stone Soup version 0.26.1-2-gb8aa6d0cf2 (webtiles) character file.

Game seed: 12490841651395269134

251 Gadfly the Unbeliever (level 5, 41/41 HPs)
             Began as a Demonspawn Monk on Feb 9, 2021.
             Quit the game on level 2 of the Dungeon.
             The game lasted 00:02:28 (2171 turns).

Gadfly the Unbeliever (Demonspawn Monk)             Turns: 2171, Time: 00:02:29

Health: 41/41      AC: 13    Str: 12    XL:     5   Next: 88%
Magic:  16/16      EV:  3    Int: 11    God:
Gold:   226        SH:  0    Dex: 18    Spells: 4/4 levels left

rFire    . . .     SeeInvis .   a - +0 whip (elec)
rCold    . . .     Faith    .   (no shield)
rNeg     + . .     Spirit   +   c - +0 plate armour
rPois    .         Reflect  .   l - +0 helmet
rElec    .         Harm     .   k - +0 cloak
rCorr    .         Rampage  .   (no gloves)
Will     .....                  (no boots)
Stlth    ..........             (no amulet)
HPRegen  0.13/turn              d - ring of magical power
MPRegen  0.15/turn              g - ring of positive energy

@: no status effects
A: talons 1, thin skeletal structure 1, magic shield
a: no special abilities


You were on level 2 of the Dungeon.
You visited 1 branch of the dungeon, and saw 4 of its levels.

You collected 226 gold pieces.

Inventory:

Hand Weapons
 a - a +0 whip of electrocution (weapon)
 b - a +0 short sword of venom
 f - a +1 scythe of venom
 n - a +0 hand axe
Armour
 c - a +0 plate armour (worn)
 k - a +0 cloak (worn)
 l - a +0 helmet (worn)
Jewellery
 d - a ring of magical power (left hand)
 g - a ring of positive energy (right hand)
Scrolls
 h - 3 scrolls of identify
 o - a scroll of magic mapping
 p - a scroll of teleportation {unknown}
 r - a scroll of amnesia {unknown}
Potions
 e - 2 potions of lignification
 i - a potion of flight {unknown}
 j - a potion of cancellation {unknown}
 m - a potion of might {unknown}
 q - 3 potions of resistance {unknown}
 s - a potion of haste {unknown}
 t - a potion of curing


   Skills:
 - Level 3.0 Fighting
 + Level 3.3 Axes
 * Level 2.6 Armour
 - Level 2.6 Dodging
 - Level 1.7 Stealth
 * Level 3.9 Invocations
 * Level 2.8 Evocations


You had 4 spell levels left.
You didn't know any spells.
Your spell library was empty.

Dungeon Overview and Level Annotations

Branches:
Dungeon (4/15)
 Temple: D:4-7

Altars:
Trog


Innate Abilities, Weirdness & Mutations

You have sharp toenails.
You have a somewhat thin skeletal structure. (Dex +2, Stealth)
When hurt, damage is shared between your health and your magic reserves.


Message History

You now have 226 gold pieces (gained 4).
As you open the door, it creaks loudly!
There is an open door here.
Found a rapier.
Found an escape hatch in the floor.
No target in view!
t - a potion of curing A kobold comes into view.
It is wielding a +0 short sword.
The kobold throws a stone.
The stone hits you but does no damage.
You see here a stone.
A kobold is nearby!
The kobold completely misses you.
You closely miss the kobold. The kobold barely misses you.
You closely miss the kobold. You claw the kobold.
The kobold is severely wounded.
The kobold hits you but does no damage.
You closely miss the kobold.
The kobold is severely wounded.
The kobold hits you but does no damage.
Are you sure you want to abandon this character and quit the game? (Confirm with "yes".)

#>.....#####.# ###
#..........#.#
###.###.......##.#.#
###.............##.#.# #..
........#.#.##.......# #.#
#.........##....#.## #.#
#.#.#.#.####...#.## #.#
#.#.#.#.####...#.# #.#
#.K@.(.......)...# #.#
###+##########.### #.# ##...##
#.# #####.#######.....## ##.#
#.........##.......## ##..#
##.##...##.#.........####...##
...........'.........'.......#
##.#....##.#.........####....#
#.#.#.###.##....<..## ##.#.#


You could see a kobold.

Vanquished Creatures
  Sigmund (D:3)
  A worker ant (D:4)
  An adder (D:2)
  An ooze (D:1)
  A leopard gecko (D:1)
  3 orcs (D:3)
  3 ball pythons
  5 bats
  3 giant cockroaches
  10 goblins
  3 hobgoblins
  2 frilled lizards
  9 kobolds
  5 rats
48 creatures vanquished.

Vanquished Creatures (others)
  2 fungi (D:1)
  3 toadstools (D:1)
5 creatures vanquished.

Grand Total: 53 creatures vanquished

Notes
Turn   | Place    | Note
-------+----------+-------------------------------------------
     0 | D:1      | Gadfly the Demonspawn Monk began the quest for the Orb.
     0 | D:1      | Reached XP level 1. HP: 18/18 MP: 1/1
    41 | D:1      | Reached skill level 1 in Invocations
   158 | D:1      | Gained mutation: When hurt, damage is shared between your
                  | health and your magic reserves. [demonic ancestry]
   158 | D:1      | Reached XP level 2. HP: 22/24 MP: 2/2
   319 | D:1      | Reached skill level 1 in Armour
   403 | D:1      | Reached skill level 1 in Evocations
   645 | D:1      | Gained mutation: You have sharp toenails. [demonic
                  | ancestry]
   645 | D:1      | Reached XP level 3. HP: 29/29 MP: 4/4
  1249 | D:2      | You fall into a shaft and drop 2 floors!
  1250 | D:4      | Noticed a phantom
  1265 | D:4      | Reached XP level 4. HP: 28/35 MP: 5/5
  1600 | D:3      | Found a bloodstained altar of Trog.
  1776 | D:3      | Noticed Sigmund
  1793 | D:3      | Killed Sigmund
  1794 | D:3      | Gained mutation: You have a somewhat thin skeletal
                  | structure. (Dex +2, Stealth) [demonic ancestry]
  1794 | D:3      | Reached XP level 5. HP: 21/41 MP: 7/7
  2171 | D:2      | Quit the game

Illustrated notes

Levels and vault maps discovered:
D:1:      dpeg_arrival_orchard, layout_loops_ring,
          minmay_misc_feat_secret_circle, minmay_gold_behind_fungi
D:2:      layout_loops_corners, grunt_decor_one_mirror, minivault_14
D:3:      layout_basic, bloody_trog, ebering_ghost_inner_flame, fountainhead,
          uniq_sigmund
D:4:      layout_cave_pools, uniq_robin, uniq_duvessa

Skill      XL: |  1  2  3  4 |
---------------+-------------+-----
Invocations    | 1 2 3 |  3.9
Armour         | 1 2 |  2.6
Evocations     | 1 2 |  2.8
Axes           | 3 |  3.3
Fighting       | |  3.0
Dodging        | |  2.6
Stealth        | |  1.7

Action                   |  1- 3 |  4- 6 || total
-------------------------+-------+-------++-------
Melee: Hand axe          |    70 |       ||    70
       Short sword       |    14 |     6 ||    20
       Kick              |     7 |     9 ||    16
       Whip              |       |    40 ||    40
  Use: Scroll            |     5 |       ||     5
       Potion            |       |     1 ||     1
Armor: Plate armour      |    87 |    34 ||   121
Dodge: Dodged            |     9 |     7 ||    16
